Marlies vs Punishers
Created - January 11, 2024 at 19:50
Goals
|
| Marlies |
3 |
2 |
1 |
6 |
| Punishers |
7 |
0 |
2 |
9 |
|
Shots
|
| Marlies |
8 |
10 |
14 |
32 |
| Punishers |
21 |
10 |
11 |
42 |
|
1st period
1. Punishers , Kevin Roy 13 (Artem Zub 22, Anton Blidh 20) at 0:40
2. Marlies , Alex Formenton 10 (Logan Brown 10) at 5:48
3. Marlies , Mathieu Olivier 16 (Pierre-Olivier Joseph 31, Colton Sissons 26) at 6:13 (PP)
4. Punishers , Phillip Danault 13 (Connor Clifton 8, Fredrik Claesson 11) at 7:49
5. Punishers , Oskar Lindblom 11 (Artem Zub 23, John Quenneville 30) at 13:58
6. Punishers , Corey Tropp 21 (Niko Mikkola 8, Connor Clifton 9) at 15:18
7. Punishers , Corey Tropp 22 (John Quenneville 31) at 15:26
8. Punishers , John Quenneville 15 (Corey Tropp 12, Niko Mikkola 9) at 16:48
9. Punishers , Corey Tropp 23 (John Quenneville 32, Noah Juulsen 14) at 17:05
10. Marlies , Joel Farabee 10 (Aleksi Saarela 22) at 18:34
Penalties :
Mathieu Olivier (Tor) for Hooking (Minor) at 3:35, John Quenneville (Pro) for Holding (Minor) at 6:00
2nd period
11. Marlies , Alex Formenton 11 (Logan Brown 11, Henri Ikonen 8) at 17:09
12. Marlies , Mathieu Olivier 17 (Tyler Benson 19, Brendan Guhle 17) at 17:23 (PP)
Penalties :
Connor Clifton (Pro) for Hooking (Minor) at 5:04, Lucas Carlsson (Tor) for Hooking (Minor) at 9:13, Colton Sissons (Tor) for Tripping (Minor) at 14:37, John Quenneville (Pro) for Holding (Minor) at 17:12
3rd period
13. Marlies , Martin Necas 17 (Pierre-Olivier Joseph 32, Matthew Highmore 2) at 5:11 (PP)
14. Punishers , Artem Zub 6 (Kevin Roy 11) at 5:43
15. Punishers , Corey Tropp 24 (John Quenneville 33) at 11:43
Penalties :
Daniel Audette (Pro) for Hooking (Minor) at 3:33
Goalie Stats
Logan Thompson (Tor), 26 saves from 31 shots - (0.839), L, 4-10-1, 44:42 minutes
Maxime Lagace (Tor), 7 saves from 11 shots - (0.636), 15:18 minutes
Cal Petersen (Pro), 26 saves from 32 shots - (0.813), W, 4-12-0, 60:00 minutes
Players Stats for Marlies
Player Name G A P +/- PIM S H SB GA TA FO MP PP MP PK MP
------------------------------------------------------------------------------------
Aleksi Saarela 0 1 1 -1 0 1 2 1 2 0 1/5 17:23 2:00 2:24
Alex Formenton 2 0 2 -1 0 5 4 0 0 0 0/0 13:55 1:23 1:28
Brendan Guhle 0 1 1 -2 0 1 0 0 2 2 0/0 29:03 2:08 3:54
Colton Sissons 0 1 1 -3 2 1 1 1 1 1 15/27 13:56 1:30 2:04
Henri Ikonen 0 1 1 0 0 4 1 0 0 1 0/0 12:31 0:08 1:35
Jeff Corbett 0 0 0 -2 0 2 0 2 0 0 0/0 20:14 1:53 3:54
Joel Farabee 1 0 1 -1 0 2 0 0 0 1 0/0 10:57 0:00 0:00
Keaton Thompson 0 0 0 -2 0 1 2 2 1 0 0/0 16:17 0:00 0:40
Kole Sherwood 0 0 0 -1 0 2 0 0 0 0 0/0 12:11 0:00 0:00
Logan Brown 0 2 2 -1 0 3 0 0 0 1 3/7 10:30 0:00 0:00
Lucas Carlsson 0 0 0 -2 2 1 0 1 0 1 0/0 19:40 1:53 1:19
Martin Necas 1 0 1 -4 0 3 1 0 2 1 3/5 18:55 1:42 0:00
Mathieu Olivier 2 0 2 -2 2 2 2 0 1 2 4/14 19:56 2:30 1:05
Matthew Highmore 0 1 1 0 0 1 3 1 0 0 5/6 10:48 0:12 0:24
Pierre-Olivier Joseph 0 2 2 -2 0 1 0 0 0 0 0/0 24:09 2:08 2:03
Rasmus Dahlin 0 0 0 -2 0 0 0 0 0 1 0/0 10:47 0:00 0:04
Tobias Lindberg 0 0 0 0 0 0 0 0 0 0 0/0 10:26 0:08 0:00
Tyler Benson 0 1 1 -4 0 2 3 0 0 0 3/5 22:22 2:30 2:54
Players Stats for Punishers
Player Name G A P +/- PIM S H SB GA TA FO MP PP MP PK MP
------------------------------------------------------------------------------------
Anton Blidh 0 1 1 1 0 2 1 0 1 0 0/1 16:42 2:41 0:48
Artem Zub 1 2 3 5 0 2 1 1 0 1 0/0 26:54 3:22 2:45
Austen Brassard 0 0 0 1 0 1 0 1 0 0 1/2 15:54 2:41 0:00
Ben Betker 0 0 0 0 0 1 1 2 0 1 0/0 17:53 2:35 1:16
Ben Meyers 0 0 0 0 0 0 0 0 0 0 0/0 0:24 0:07 0:00
Carson Meyer 0 0 0 0 0 2 0 0 2 0 0/1 8:03 0:00 0:00
Connor Clifton 0 2 2 1 2 0 1 0 0 0 0/0 9:30 0:00 0:00
Corey Tropp 4 1 5 6 0 10 2 1 1 1 2/4 22:55 3:09 2:23
Daniel Audette 0 0 0 -1 2 1 3 0 0 0 2/5 11:05 0:00 0:00
Fredrik Claesson 0 1 1 0 0 0 0 0 0 1 0/0 17:53 2:35 1:16
Jack Ahcan 0 0 0 0 0 0 0 2 0 0 0/0 5:42 0:00 0:00
Jesse Ylonen 0 0 0 0 0 0 0 0 0 0 0/0 0:24 0:07 0:00
John Hayden 0 0 0 0 0 0 1 0 1 0 1/2 8:03 0:00 0:00
John Quenneville 1 4 5 6 4 8 3 0 3 1 20/38 22:29 3:09 1:59
Kevin Roy 1 1 2 1 0 3 4 0 0 1 8/14 16:44 2:41 0:50
Kole Lind 0 0 0 -1 0 3 3 0 0 0 0/0 11:30 0:07 0:00
Marcus Karlberg 0 0 0 0 0 0 0 0 0 0 0/0 1:12 0:00 1:12
Nicolas Beaudin 0 0 0 0 0 0 0 0 0 0 0/0 5:42 0:00 0:00
Niko Mikkola 0 2 2 1 0 0 0 1 0 1 0/0 9:31 0:00 0:00
Noah Juulsen 0 1 1 5 0 3 0 1 0 0 0/0 26:54 3:22 2:45
Oskar Lindblom 1 0 1 6 0 2 0 0 0 2 1/1 21:22 3:09 0:50
Phillip Danault 1 0 1 -1 0 4 1 1 2 0 0/1 11:06 0:00 0:00
Tanner Jeannot 0 0 0 0 0 0 0 0 1 0 0/0 8:03 0:00 0:00
3 Stars
1 - Corey Tropp (Pro)
2 - John Quenneville (Pro)
3 - Artem Zub (Pro)
Power Play
Marlies - 3 on 4 Attempt(s) - 75.00%
Punishers - 0 on 3 Attempt(s) - 0.00%
Penalty Kill
Marlies - 3 on 3 Attempt(s) - 100.00%
- Score 0 goal in Penalty Kill
Punishers - 1 on 4 Attempt(s) - 25.00%
- Score 0 goal in Penalty Kill
Team Stat
Marlies - Hits : 19 - Faceoff Wins : 34 - Blocked Shots : 8 - Penalty Minutes : 6
Punishers - Hits : 21 - Faceoff Wins : 35 - Blocked Shots : 10 - Penalty Minutes : 8
Official
Referees : Reid Anderson and Francois St. Laurent
Linesman : Ryan Galloway and Brian Mach
Game Notes
Logan Thompson enters game at 15:18 of 1st period
Corey Tropp has scored a Hat Trick!
Colton Sissons is injured at 17:40 of 2nd period (Left Foot)
Finance
Level 1 -- Attendance: 1961 (98.05%) -- Ticket Income $137,270
Level 2 -- Attendance: 997 (99.70%) -- Ticket Income $39,880
Total Attendance: 2958 (98.60%)
Total Ticket Income: $177,150
Other Income: $8,858
Total Income: $186,008
Marlies
5 vs 5 Forward
Center Left Wing Right Wing Time % Phy DF OF
1 Colton Sissons Tyler Benson Martin Necas 40 1 2 2
2 Aleksi Saarela Joel Farabee Mathieu Olivier 30 1 2 2
3 Logan Brown Alex Formenton Kole Sherwood 20 1 2 2
4 Matthew Highmore Henri Ikonen Tobias Lindberg 10 1 2 2
5 vs 5 Defense
Defense Defense Time % Phy DF OF
1 Brendan Guhle Pierre-Olivier Joseph 40 1 2 2
2 Keaton Thompson Lucas Carlsson 30 1 2 2
3 Jeff Corbett Rasmus Dahlin 20 1 2 2
4 Brendan Guhle Jeff Corbett 10 1 2 2
PowerPlay Forward
Center Left Wing Right Wing Time % Phy DF OF
1 Colton Sissons Tyler Benson Mathieu Olivier 60 1 1 3
2 Aleksi Saarela Alex Formenton Martin Necas 40 1 1 3
PowerPlay Defense
Defense Defense Time % Phy DF OF
1 Brendan Guhle Pierre-Olivier Joseph 60 1 1 3
2 Jeff Corbett Lucas Carlsson 40 1 1 3
Penalty Kill 4 Players Forward
Center Wing Time % Phy DF OF
1 Colton Sissons Tyler Benson 60 1 2 2
2 Aleksi Saarela Alex Formenton 40 1 2 2
Penalty Kill 4 Players Defense
Defense Defense Time % Phy DF OF
1 Brendan Guhle Jeff Corbett 60 1 2 2
2 Pierre-Olivier Joseph Lucas Carlsson 40 1 2 2
Penalty Kill - 3 Players Forward
Forward Time % Phy DF OF
1 Colton Sissons 60 1 2 2
2 Aleksi Saarela 40 1 2 2
Penalty Kill - 3 Players Defense
Defense Defense Time % Phy DF OF
1 Brendan Guhle Jeff Corbett 60 1 2 2
2 Pierre-Olivier Joseph Lucas Carlsson 40 1 2 2
4 vs 4 Forward
Center Wing Time % Phy DF OF
1 Colton Sissons Tyler Benson 60 1 2 2
2 Aleksi Saarela Alex Formenton 40 1 2 2
4 vs 4 Defense
Defense Defense Time % Phy DF OF
1 Brendan Guhle Pierre-Olivier Joseph 60 1 2 2
2 Jeff Corbett Lucas Carlsson 40 1 2 2
Last Minutes Offensive
Center Left Wing Right Wing Defense Defense
Colton Sissons Tyler Benson Mathieu Olivier Brendan Guhle Pierre-Olivier Joseph
Last Minutes Defensive
Center Left Wing Right Wing Defense Defense
Colton Sissons Tyler Benson Mathieu Olivier Brendan Guhle Pierre-Olivier Joseph
Goaltenders
Starting : Maxime Lagace
Backup : Logan Thompson
Extra Forwards
Normal : Mathieu Olivier, Martin Necas, Kole Sherwood - PP : Mathieu Olivier, Martin Necas - PK : Mathieu Olivier
Extra Defensemen
Normal : Lucas Carlsson, Keaton Thompson, Rasmus Dahlin - PP : Lucas Carlsson - PK : Lucas Carlsson, Keaton Thompson
Penalty Shots
Colton Sissons, Aleksi Saarela, Tyler Benson, Logan Brown, Mathieu Olivier
Custom OT Lines Forwards
Colton Sissons, Aleksi Saarela, Tyler Benson, Logan Brown, Mathieu Olivier, Martin Necas, Kole Sherwood, Alex Formenton, Matthew Highmore, Joel Farabee
Custom OT Lines Defensemen
Brendan Guhle, Pierre-Olivier Joseph, Rasmus Dahlin, Lucas Carlsson, Keaton Thompson
Scratches
Isac Lundestrom (Healthy), Brycen Martin (Healthy), Marc McLaughlin (Healthy), Jonathan Gruden (Healthy), Dennis Gilbert (Healthy)
Jaden Lindo (Healthy), Jakob Forsbacka-Karlsson (Healthy), Dmitri Samorukov (Healthy), Jacob Bernard-Docker (Healthy), Radovan Bondra (Healthy)
Xavier Bernard (Healthy), Mike Hardman (Healthy), Otto Koivula (Healthy), Jonathan Davidsson (Healthy), Hugh McGing (Healthy)
Jan Jenik (Healthy), Veini Vehvilainen (Healthy), Matthew Thiessen (Healthy)
Punishers
5 vs 5 Forward
Center Left Wing Right Wing Time % Phy DF OF
1 John Quenneville Oskar Lindblom Corey Tropp 40 1 2 2
2 Kevin Roy Anton Blidh Austen Brassard 30 1 2 2
3 Daniel Audette Phillip Danault Kole Lind 20 1 2 2
4 John Hayden Tanner Jeannot Carson Meyer 10 1 2 2
5 vs 5 Defense
Defense Defense Time % Phy DF OF
1 Noah Juulsen Artem Zub 40 1 2 2
2 Ben Betker Fredrik Claesson 30 1 2 2
3 Niko Mikkola Connor Clifton 20 1 2 2
4 Nicolas Beaudin Jack Ahcan 10 1 2 2
PowerPlay Forward
Center Left Wing Right Wing Time % Phy DF OF
1 John Quenneville Oskar Lindblom Corey Tropp 60 1 2 2
2 Kevin Roy Anton Blidh Austen Brassard 40 1 2 2
PowerPlay Defense
Defense Defense Time % Phy DF OF
1 Noah Juulsen Artem Zub 60 1 2 2
2 Ben Betker Fredrik Claesson 40 1 2 2
Penalty Kill 4 Players Forward
Center Wing Time % Phy DF OF
1 Corey Tropp John Quenneville 60 1 2 2
2 Oskar Lindblom Kevin Roy 40 1 2 2
Penalty Kill 4 Players Defense
Defense Defense Time % Phy DF OF
1 Noah Juulsen Artem Zub 60 1 2 2
2 Ben Betker Fredrik Claesson 40 1 2 2
Penalty Kill - 3 Players Forward
Forward Time % Phy DF OF
1 Corey Tropp 60 1 2 2
2 John Quenneville 40 1 2 2
Penalty Kill - 3 Players Defense
Defense Defense Time % Phy DF OF
1 Noah Juulsen Artem Zub 60 1 2 2
2 Ben Betker Fredrik Claesson 40 1 2 2
4 vs 4 Forward
Center Wing Time % Phy DF OF
1 Corey Tropp John Quenneville 60 1 2 2
2 Oskar Lindblom Kevin Roy 40 1 2 2
4 vs 4 Defense
Defense Defense Time % Phy DF OF
1 Noah Juulsen Artem Zub 60 1 2 2
2 Ben Betker Fredrik Claesson 40 1 2 2
Last Minutes Offensive
Center Left Wing Right Wing Defense Defense
John Quenneville Oskar Lindblom Corey Tropp Noah Juulsen Artem Zub
Last Minutes Defensive
Center Left Wing Right Wing Defense Defense
John Quenneville Oskar Lindblom Corey Tropp Noah Juulsen Artem Zub
Goaltenders
Starting : Cal Petersen
Backup : Antoine Bibeau
Extra Forwards
Normal : Jesse Ylonen, Ben Meyers, Marcus Karlberg - PP : Jesse Ylonen, Ben Meyers - PK : Marcus Karlberg
Extra Defensemen
Normal : Niko Mikkola, Connor Clifton, Nicolas Beaudin - PP : Niko Mikkola - PK : Connor Clifton, Nicolas Beaudin
Penalty Shots
Corey Tropp, John Quenneville, Oskar Lindblom, Kevin Roy, Anton Blidh
Custom OT Lines Forwards
Corey Tropp, John Quenneville, Oskar Lindblom, Kevin Roy, Anton Blidh, Phillip Danault, Austen Brassard, Daniel Audette, Kole Lind, Tanner Jeannot
Custom OT Lines Defensemen
Noah Juulsen, Artem Zub, Ben Betker, Fredrik Claesson, Niko Mikkola
Scratches
Jack LaFontaine (Healthy)
% Time on Ice - Marlies
Lines # - Real PCT - Wanted PCT - Time Play
Normal Forward
1 - 35% - 40% - 17:30
2 - 24% - 30% - 11:50
3 - 21% - 20% - 10:30
4 - 20% - 10% - 10:12
Normal Defense
1 - 41% - 40% - 20:21
2 - 33% - 30% - 16:29
3 - 21% - 20% - 10:32
4 - 5% - 10% - 2:40
PP Forward
1 - 66% - 60% - 2:38
2 - 34% - 40% - 1:23
PP Defense
1 - 53% - 60% - 2:08
2 - 47% - 40% - 1:53
PK Forward
1 - 80% - 60% - 4:45
2 - 20% - 40% - 1:12
PK Defense
1 - 66% - 60% - 3:54
2 - 34% - 40% - 2:03
PK3 Forward
1 - 0% - 60%
2 - 0% - 40%
PK3 Defense
1 - 0% - 60%
2 - 0% - 40%
44 Forward
1 - 0% - 60%
2 - 0% - 40%
44 Defense
1 - 0% - 60%
2 - 0% - 40%
Last Minute Offensive - 0:00
Last Minute Defensive - 0:00
Total
Forward - 60:00
Defense - 60:00
|
% Time on Ice - Punishers
Lines # - Real PCT - Wanted PCT - Time Play
Normal Forward
1 - 35% - 40% - 17:40
2 - 26% - 30% - 13:13
3 - 22% - 20% - 11:06
4 - 16% - 10% - 8:03
Normal Defense
1 - 42% - 40% - 20:47
2 - 28% - 30% - 14:02
3 - 19% - 20% - 9:31
4 - 11% - 10% - 5:42
PP Forward
1 - 55% - 60% - 3:16
2 - 45% - 40% - 2:41
PP Defense
1 - 57% - 60% - 3:22
2 - 43% - 40% - 2:35
PK Forward
1 - 79% - 60% - 3:11
2 - 21% - 40% - 0:50
PK Defense
1 - 68% - 60% - 2:45
2 - 32% - 40% - 1:16
PK3 Forward
1 - 0% - 60%
2 - 0% - 40%
PK3 Defense
1 - 0% - 60%
2 - 0% - 40%
44 Forward
1 - 0% - 60%
2 - 0% - 40%
44 Defense
1 - 0% - 60%
2 - 0% - 40%
Last Minute Offensive - 0:00
Last Minute Defensive - 0:00
Total
Forward - 60:00
Defense - 60:00
|
Play-by-Play
1st period
0:01 of 1st period - Colton Sissons wins face-off versus John Quenneville in neutral zone.
0:16 of 1st period - Wrist shot by Corey Tropp.
0:16 of 1st period - Stopped by Maxime Lagace with a rebound.
0:34 of 1st period - Snap shot by Kevin Roy.
0:34 of 1st period - Shot Misses the Net.
0:36 of 1st period - Wrist shot by Kevin Roy.
0:36 of 1st period - Shot Misses the Net.
0:38 of 1st period - Slapshot by Artem Zub.
0:38 of 1st period - Shot Misses the Net.
0:40 of 1st period - Wrist shot by Kevin Roy.
0:40 of 1st period - Goal by Kevin Roy - Marlies : 0 - Punishers : 1.
0:41 of 1st period - Logan Brown wins face-off versus Phillip Danault in neutral zone.
0:52 of 1st period - Snap shot by Phillip Danault.
0:52 of 1st period - Deflect By Daniel Audette.
0:52 of 1st period - Shot Blocked by Keaton Thompson.
0:52 of 1st period - Puck is out of play.
0:53 of 1st period - Matthew Highmore wins face-off versus Carson Meyer in Marlies zone.
1:18 of 1st period - Kevin Roy is hit by Tyler Benson and loses puck.
2:08 of 1st period - Snap shot by Logan Brown.
2:08 of 1st period - Stopped by Cal Petersen with a rebound.
2:10 of 1st period - Snap shot by Logan Brown.
2:10 of 1st period - Shot Misses the Net.
2:52 of 1st period - Backhand shot by Corey Tropp.
2:52 of 1st period - Stopped by Maxime Lagace without a rebound.
2:53 of 1st period - Colton Sissons wins face-off versus Kevin Roy in Marlies zone.
3:00 of 1st period - Snap shot by Martin Necas.
3:00 of 1st period - Shot Blocked by Jack Ahcan.
3:02 of 1st period - Snap shot by Colton Sissons.
3:02 of 1st period - Shot Blocked by Jack Ahcan.
3:04 of 1st period - Backhand shot by Colton Sissons.
3:04 of 1st period - Shot Misses the Net.
3:35 of 1st period - Minor Penalty to Mathieu Olivier for Hooking.
3:36 of 1st period - John Quenneville wins face-off versus Colton Sissons in Marlies zone.
4:11 of 1st period - Snap shot by Austen Brassard.
4:11 of 1st period - Shot Blocked by Aleksi Saarela.
4:35 of 1st period - Lucas Carlsson is hit by Kevin Roy and loses puck.
5:35 of 1st period - Penalty to Mathieu Olivier is over, Mathieu Olivier is back on ice.
5:42 of 1st period - Slapshot by Logan Brown.
5:42 of 1st period - Stopped by Cal Petersen without a rebound.
5:43 of 1st period - Logan Brown wins face-off versus Daniel Audette in Punishers zone.
5:48 of 1st period - Slapshot by Logan Brown.
5:48 of 1st period - Deflect By Alex Formenton.
5:48 of 1st period - Goal by Alex Formenton - Marlies : 1 - Punishers : 1.
5:49 of 1st period - Colton Sissons wins face-off versus John Quenneville in neutral zone.
5:52 of 1st period - Snap shot by Pierre-Olivier Joseph.
5:52 of 1st period - Deflect By Noah Juulsen.
5:52 of 1st period - Stopped by Cal Petersen without a rebound.
5:53 of 1st period - Colton Sissons wins face-off versus John Quenneville in Punishers zone.
6:00 of 1st period - Minor Penalty to John Quenneville for Holding.
6:01 of 1st period - Corey Tropp wins face-off versus Colton Sissons in Punishers zone.
6:11 of 1st period - Wrist shot by Mathieu Olivier.
6:11 of 1st period - Shot Misses the Net.
6:13 of 1st period - Snap shot by Mathieu Olivier.
6:13 of 1st period - Goal by Mathieu Olivier - Marlies : 2 - Punishers : 1.
6:14 of 1st period - Colton Sissons wins face-off versus John Quenneville in neutral zone.
6:39 of 1st period - Noah Juulsen is hit by Alex Formenton and loses puck.
6:50 of 1st period - Snap shot by Alex Formenton.
6:50 of 1st period - Shot Blocked by Corey Tropp.
7:10 of 1st period - Slapshot by Joel Farabee.
7:10 of 1st period - Shot Misses the Net.
7:12 of 1st period - Snap shot by Joel Farabee.
7:12 of 1st period - Stopped by Cal Petersen without a rebound.
7:13 of 1st period - Kevin Roy wins face-off versus Colton Sissons in Punishers zone.
7:38 of 1st period - Kole Lind is hit by Alex Formenton and loses puck.
7:45 of 1st period - Snap shot by Phillip Danault.
7:45 of 1st period - Stopped by Maxime Lagace with a rebound.
7:49 of 1st period - Backhand shot by Phillip Danault.
7:49 of 1st period - Goal by Phillip Danault - Marlies : 2 - Punishers : 2.
7:50 of 1st period - Martin Necas wins face-off versus Kevin Roy in neutral zone.
8:45 of 1st period - Alex Formenton is hit by Kole Lind and loses puck.
8:52 of 1st period - Slapshot by Kole Lind.
8:52 of 1st period - Stopped by Maxime Lagace with a rebound.
8:54 of 1st period - Backhand shot by Daniel Audette.
8:54 of 1st period - Stopped by Maxime Lagace with a rebound.
10:15 of 1st period - Snap shot by Noah Juulsen.
10:15 of 1st period - Deflect By Phillip Danault.
10:15 of 1st period - Shot Misses the Net.
10:15 of 1st period - Puck is out of play.
10:16 of 1st period - John Quenneville wins face-off versus Colton Sissons in Marlies zone.
10:25 of 1st period - Wrist shot by Tyler Benson.
10:25 of 1st period - Shot Blocked by Noah Juulsen.
12:48 of 1st period - Wrist shot by Henri Ikonen.
12:48 of 1st period - Shot Misses the Net.
12:50 of 1st period - Snap shot by Tobias Lindberg.
12:50 of 1st period - Shot Misses the Net.
12:52 of 1st period - Wrist shot by Henri Ikonen.
12:52 of 1st period - Shot Misses the Net.
13:52 of 1st period - Snap shot by Oskar Lindblom.
13:52 of 1st period - Shot Blocked by Jeff Corbett.
13:54 of 1st period - Wrist shot by John Quenneville.
13:54 of 1st period - Stopped by Maxime Lagace with a rebound.
13:56 of 1st period - Slapshot by Artem Zub.
13:56 of 1st period - Shot Misses the Net.
13:58 of 1st period - Slapshot by Oskar Lindblom.
13:58 of 1st period - Goal by Oskar Lindblom - Marlies : 2 - Punishers : 3.
13:59 of 1st period - Colton Sissons wins face-off versus Kevin Roy in neutral zone.
14:04 of 1st period - Snap shot by Martin Necas.
14:04 of 1st period - Shot Misses the Net.
14:13 of 1st period - Icing by Ben Betker.
14:14 of 1st period - Kevin Roy wins face-off versus Aleksi Saarela in Punishers zone.
15:04 of 1st period - Wrist shot by Anton Blidh.
15:04 of 1st period - Stopped by Maxime Lagace without a rebound.
15:05 of 1st period - John Quenneville wins face-off versus Colton Sissons in Marlies zone.
15:12 of 1st period - Wrist shot by Corey Tropp.
15:12 of 1st period - Shot Misses the Net.
15:14 of 1st period - Slapshot by Connor Clifton.
15:14 of 1st period - Shot Blocked by Colton Sissons.
15:16 of 1st period - Slapshot by Niko Mikkola.
15:16 of 1st period - Shot Blocked by Jeff Corbett.
15:18 of 1st period - Snap shot by Corey Tropp.
15:18 of 1st period - Goal by Corey Tropp - Marlies : 2 - Punishers : 4.
15:18 of 1st period - Logan Thompson enters game.
15:19 of 1st period - Colton Sissons wins face-off versus John Quenneville in neutral zone.
15:24 of 1st period - Snap shot by John Quenneville.
15:24 of 1st period - Stopped by Logan Thompson without a rebound.
15:25 of 1st period - John Quenneville wins face-off versus Martin Necas in Marlies zone.
15:26 of 1st period - Wrist shot by Corey Tropp.
15:26 of 1st period - Goal by Corey Tropp - Marlies : 2 - Punishers : 5.
15:27 of 1st period - Tyler Benson wins face-off versus John Quenneville in neutral zone.
15:34 of 1st period - Wrist shot by Oskar Lindblom.
15:34 of 1st period - Deflect By Corey Tropp.
15:34 of 1st period - Stopped by Logan Thompson with a rebound.
15:36 of 1st period - Wrist shot by Oskar Lindblom.
15:36 of 1st period - Shot Misses the Net.
15:52 of 1st period - Phillip Danault is hit by Aleksi Saarela and loses puck.
16:05 of 1st period - Off-side.
16:06 of 1st period - Colton Sissons wins face-off versus Kevin Roy in neutral zone.
16:11 of 1st period - Wrist shot by Colton Sissons.
16:11 of 1st period - Stopped by Cal Petersen without a rebound.
16:12 of 1st period - Kevin Roy wins face-off versus Colton Sissons in Punishers zone.
16:12 of 1st period - Kevin Roy is hit by Keaton Thompson.
16:42 of 1st period - Slapshot by John Quenneville.
16:42 of 1st period - Shot Blocked by Keaton Thompson.
16:44 of 1st period - Snap shot by John Quenneville.
16:44 of 1st period - Stopped by Logan Thompson with a rebound.
16:46 of 1st period - Slapshot by Corey Tropp.
16:46 of 1st period - Shot Misses the Net.
16:48 of 1st period - Wrist shot by John Quenneville.
16:48 of 1st period - Goal by John Quenneville - Marlies : 2 - Punishers : 6.
16:49 of 1st period - Colton Sissons wins face-off versus John Quenneville in neutral zone.
17:05 of 1st period - Snap shot by Corey Tropp.
17:05 of 1st period - Goal by Corey Tropp - Marlies : 2 - Punishers : 7.
17:06 of 1st period - John Quenneville wins face-off versus Colton Sissons in neutral zone.
17:15 of 1st period - Wrist shot by Oskar Lindblom.
17:15 of 1st period - Stopped by Logan Thompson with a rebound.
17:31 of 1st period - Pierre-Olivier Joseph is hit by Daniel Audette and loses puck.
17:42 of 1st period - Phillip Danault is hit by Aleksi Saarela and loses puck.
17:50 of 1st period - Icing by Noah Juulsen.
17:51 of 1st period - Logan Brown wins face-off versus Austen Brassard in Punishers zone.
17:58 of 1st period - Snap shot by Anton Blidh.
17:58 of 1st period - Stopped by Logan Thompson with a rebound.
18:00 of 1st period - Wrist shot by Austen Brassard.
18:00 of 1st period - Deflect By Kevin Roy.
18:00 of 1st period - Stopped by Logan Thompson with a rebound.
18:02 of 1st period - Slapshot by Noah Juulsen.
18:02 of 1st period - Stopped by Logan Thompson without a rebound.
18:03 of 1st period - Colton Sissons wins face-off versus John Quenneville in Marlies zone.
18:03 of 1st period - Colton Sissons is hit by Corey Tropp.
18:09 of 1st period - Corey Tropp is hit by Tyler Benson and loses puck.
18:34 of 1st period - Snap shot by Joel Farabee.
18:34 of 1st period - Goal by Joel Farabee - Marlies : 3 - Punishers : 7.
18:35 of 1st period - Daniel Audette wins face-off versus Martin Necas in neutral zone.
19:00 of 1st period - Artem Zub is hit by Alex Formenton.
19:26 of 1st period - Wrist shot by Matthew Highmore.
19:26 of 1st period - Deflect By Henri Ikonen.
19:26 of 1st period - Shot Blocked by Niko Mikkola.
19:26 of 1st period - Puck is out of play.
19:27 of 1st period - Matthew Highmore wins face-off versus John Quenneville in Punishers zone.
Goals for this period are 3 for Marlies vs 7 for Punishers.
Shots for this period are 8 for Marlies vs 21 for Punishers.
2nd period
0:01 of 2nd period - John Quenneville wins face-off versus Colton Sissons in neutral zone.
0:49 of 2nd period - Brendan Guhle is hit by Phillip Danault and loses puck.
0:56 of 2nd period - Snap shot by Kole Sherwood.
0:56 of 2nd period - Deflect By Ben Betker.
0:56 of 2nd period - Shot Blocked by Phillip Danault.
0:56 of 2nd period - Puck is out of play.
0:57 of 2nd period - John Quenneville wins face-off versus Colton Sissons in Punishers zone.
1:28 of 2nd period - Off-side.
1:29 of 2nd period - Aleksi Saarela wins face-off versus John Hayden in neutral zone.
1:55 of 2nd period - Kole Sherwood is hit by John Quenneville and loses puck.
3:01 of 2nd period - Slapshot by Jeff Corbett.
3:01 of 2nd period - Stopped by Cal Petersen with a rebound.
3:05 of 2nd period - Backhand shot by Joel Farabee.
3:05 of 2nd period - Shot Misses the Net.
3:07 of 2nd period - Snap shot by Mathieu Olivier.
3:07 of 2nd period - Shot Hit the Post.
3:09 of 2nd period - Wrist shot by Aleksi Saarela.
3:09 of 2nd period - Stopped by Cal Petersen with a rebound.
3:11 of 2nd period - Slapshot by Jeff Corbett.
3:11 of 2nd period - Stopped by Cal Petersen with a rebound.
3:30 of 2nd period - Wrist shot by Corey Tropp.
3:30 of 2nd period - Stopped by Logan Thompson with a rebound.
3:32 of 2nd period - Wrist shot by John Quenneville.
3:32 of 2nd period - Stopped by Logan Thompson without a rebound.
3:33 of 2nd period - Kevin Roy wins face-off versus Tyler Benson in Marlies zone.
3:44 of 2nd period - Snap shot by Austen Brassard.
3:44 of 2nd period - Stopped by Logan Thompson without a rebound.
3:45 of 2nd period - Colton Sissons wins face-off versus John Quenneville in Marlies zone.
3:52 of 2nd period - Wrist shot by Corey Tropp.
3:52 of 2nd period - Stopped by Logan Thompson without a rebound.
3:53 of 2nd period - John Quenneville wins face-off versus Colton Sissons in Marlies zone.
4:16 of 2nd period - Wrist shot by John Quenneville.
4:16 of 2nd period - Stopped by Logan Thompson with a rebound.
4:22 of 2nd period - Snap shot by John Quenneville.
4:22 of 2nd period - Stopped by Logan Thompson without a rebound.
4:23 of 2nd period - Kevin Roy wins face-off versus Aleksi Saarela in Marlies zone.
4:48 of 2nd period - Kole Sherwood is hit by Daniel Audette and loses puck.
4:55 of 2nd period - Slapshot by Brendan Guhle.
4:55 of 2nd period - Stopped by Cal Petersen with a rebound.
4:57 of 2nd period - Slapshot by Alex Formenton.
4:57 of 2nd period - Stopped by Cal Petersen without a rebound.
4:58 of 2nd period - Colton Sissons wins face-off versus John Quenneville in Punishers zone.
5:04 of 2nd period - Minor Penalty to Connor Clifton for Hooking.
5:05 of 2nd period - John Quenneville wins face-off versus Colton Sissons in Punishers zone.
6:59 of 2nd period - John Quenneville is hit by Colton Sissons and loses puck.
7:04 of 2nd period - Penalty to Connor Clifton is over, Connor Clifton is back on ice.
7:21 of 2nd period - Jeff Corbett is hit by John Hayden and loses puck.
7:51 of 2nd period - Snap shot by Kevin Roy.
7:51 of 2nd period - Stopped by Logan Thompson without a rebound.
7:52 of 2nd period - Kevin Roy wins face-off versus Aleksi Saarela in Marlies zone.
8:42 of 2nd period - Icing by Connor Clifton.
8:43 of 2nd period - Colton Sissons wins face-off versus Daniel Audette in Punishers zone.
8:54 of 2nd period - Martin Necas is hit by Daniel Audette and loses puck.
9:03 of 2nd period - Icing by Phillip Danault.
9:04 of 2nd period - Daniel Audette wins face-off versus Logan Brown in Punishers zone.
9:04 of 2nd period - Daniel Audette is hit by Keaton Thompson.
9:13 of 2nd period - Minor Penalty to Lucas Carlsson for Hooking.
9:14 of 2nd period - Colton Sissons wins face-off versus John Quenneville in Marlies zone.
9:39 of 2nd period - Tyler Benson is hit by Kevin Roy and loses puck.
10:27 of 2nd period - Austen Brassard is hit by Mathieu Olivier and loses puck.
10:50 of 2nd period - Brendan Guhle is hit by Corey Tropp and loses puck.
11:13 of 2nd period - Penalty to Lucas Carlsson is over, Lucas Carlsson is back on ice.
11:16 of 2nd period - Slapshot by Pierre-Olivier Joseph.
11:16 of 2nd period - Deflect By Lucas Carlsson.
11:16 of 2nd period - Stopped by Cal Petersen with a rebound.
11:22 of 2nd period - Aleksi Saarela is hit by Kole Lind and loses puck.
11:57 of 2nd period - Snap shot by Phillip Danault.
11:57 of 2nd period - Shot Misses the Net.
11:59 of 2nd period - Slapshot by Phillip Danault.
11:59 of 2nd period - Shot Misses the Net.
12:01 of 2nd period - Wrist shot by Phillip Danault.
12:01 of 2nd period - Stopped by Logan Thompson with a rebound.
14:17 of 2nd period - Slapshot by Noah Juulsen.
14:17 of 2nd period - Deflect By Joel Farabee.
14:17 of 2nd period - Stopped by Logan Thompson without a rebound.
14:18 of 2nd period - John Quenneville wins face-off versus Aleksi Saarela in Marlies zone.
14:37 of 2nd period - Minor Penalty to Colton Sissons for Tripping.
14:38 of 2nd period - Mathieu Olivier wins face-off versus John Quenneville in Marlies zone.
15:04 of 2nd period - Tyler Benson is hit by Kevin Roy and loses puck.
16:19 of 2nd period - Brendan Guhle is hit by Kevin Roy.
16:37 of 2nd period - Penalty to Colton Sissons is over, Colton Sissons is back on ice.
17:09 of 2nd period - Snap shot by Alex Formenton.
17:09 of 2nd period - Goal by Alex Formenton - Marlies : 4 - Punishers : 7.
17:10 of 2nd period - John Quenneville wins face-off versus Colton Sissons in neutral zone.
17:12 of 2nd period - Minor Penalty to John Quenneville for Holding.
17:13 of 2nd period - Corey Tropp wins face-off versus Tyler Benson in Punishers zone.
17:21 of 2nd period - Backhand shot by Brendan Guhle.
17:21 of 2nd period - Shot Blocked by Artem Zub.
17:23 of 2nd period - Wrist shot by Tyler Benson.
17:23 of 2nd period - Deflect By Mathieu Olivier.
17:23 of 2nd period - Goal by Mathieu Olivier - Marlies : 5 - Punishers : 7.
17:24 of 2nd period - Colton Sissons wins face-off versus John Quenneville in neutral zone.
17:39 of 2nd period - Colton Sissons is hit by Artem Zub and loses puck.
17:40 of 2nd period - Colton Sissons from Marlies is injured at 17:40 of 2nd period (Left Foot).
17:41 of 2nd period - John Quenneville wins face-off versus Mathieu Olivier in Marlies zone.
17:48 of 2nd period - Wrist shot by John Quenneville.
17:48 of 2nd period - Stopped by Logan Thompson without a rebound.
17:49 of 2nd period - John Quenneville wins face-off versus Mathieu Olivier in Marlies zone.
18:36 of 2nd period - Wrist shot by Phillip Danault.
18:36 of 2nd period - Deflect By Daniel Audette.
18:36 of 2nd period - Shot Misses the Net.
18:36 of 2nd period - Puck is out of play.
18:37 of 2nd period - Matthew Highmore wins face-off versus Daniel Audette in Marlies zone.
18:42 of 2nd period - Snap shot by Kole Lind.
18:42 of 2nd period - Shot Blocked by Matthew Highmore.
18:52 of 2nd period - Snap shot by Matthew Highmore.
18:52 of 2nd period - Shot Blocked by Ben Betker.
18:54 of 2nd period - Snap shot by Tobias Lindberg.
18:54 of 2nd period - Shot Blocked by Ben Betker.
19:02 of 2nd period - Phillip Danault is hit by Henri Ikonen and loses puck.
19:07 of 2nd period - Snap shot by Matthew Highmore.
19:07 of 2nd period - Stopped by Cal Petersen with a rebound.
19:09 of 2nd period - Wrist shot by Keaton Thompson.
19:09 of 2nd period - Deflect By Henri Ikonen.
19:09 of 2nd period - Stopped by Cal Petersen without a rebound.
19:10 of 2nd period - John Quenneville wins face-off versus Mathieu Olivier in Punishers zone.
19:17 of 2nd period - Tyler Benson is hit by John Quenneville and loses puck.
19:38 of 2nd period - Wrist shot by Logan Brown.
19:38 of 2nd period - Shot Misses the Net.
19:45 of 2nd period - Off-side.
19:46 of 2nd period - Oskar Lindblom wins face-off versus Mathieu Olivier in neutral zone.
Goals for this period are 2 for Marlies vs 0 for Punishers.
Shots for this period are 10 for Marlies vs 10 for Punishers.
3rd period
0:01 of 3rd period - John Quenneville wins face-off versus Mathieu Olivier in neutral zone.
1:00 of 3rd period - Backhand shot by Henri Ikonen.
1:00 of 3rd period - Shot Misses the Net.
1:15 of 3rd period - Icing by Connor Clifton.
1:16 of 3rd period - John Hayden wins face-off versus Mathieu Olivier in Punishers zone.
2:09 of 3rd period - Snap shot by Carson Meyer.
2:09 of 3rd period - Deflect By Pierre-Olivier Joseph.
2:09 of 3rd period - Stopped by Logan Thompson without a rebound.
2:10 of 3rd period - John Quenneville wins face-off versus Matthew Highmore in Marlies zone.
2:31 of 3rd period - Lucas Carlsson is hit by John Quenneville and loses puck.
3:02 of 3rd period - Backhand shot by Henri Ikonen.
3:02 of 3rd period - Stopped by Cal Petersen without a rebound.
3:03 of 3rd period - Austen Brassard wins face-off versus Mathieu Olivier in Punishers zone.
3:18 of 3rd period - Snap shot by Martin Necas.
3:18 of 3rd period - Stopped by Cal Petersen with a rebound.
3:33 of 3rd period - Minor Penalty to Daniel Audette for Hooking.
3:34 of 3rd period - Martin Necas wins face-off versus Corey Tropp in Punishers zone.
3:48 of 3rd period - Noah Juulsen is hit by Tyler Benson and loses puck.
4:18 of 3rd period - Fredrik Claesson is hit by Alex Formenton and loses puck.
5:05 of 3rd period - Off-side.
5:06 of 3rd period - Matthew Highmore wins face-off versus Corey Tropp in neutral zone.
5:11 of 3rd period - Wrist shot by Martin Necas.
5:11 of 3rd period - Goal by Martin Necas - Marlies : 6 - Punishers : 7.
5:12 of 3rd period - John Quenneville wins face-off versus Logan Brown in neutral zone.
5:20 of 3rd period - Snap shot by Kole Sherwood.
5:20 of 3rd period - Deflect By Alex Formenton.
5:20 of 3rd period - Stopped by Cal Petersen without a rebound.
5:21 of 3rd period - John Quenneville wins face-off versus Logan Brown in Punishers zone.
5:35 of 3rd period - Off-side.
5:36 of 3rd period - Kevin Roy wins face-off versus Mathieu Olivier in neutral zone.
5:41 of 3rd period - Slapshot by Artem Zub.
5:41 of 3rd period - Stopped by Logan Thompson without a rebound.
5:42 of 3rd period - Kevin Roy wins face-off versus Mathieu Olivier in Marlies zone.
5:43 of 3rd period - Snap shot by Artem Zub.
5:43 of 3rd period - Goal by Artem Zub - Marlies : 6 - Punishers : 8.
5:44 of 3rd period - Mathieu Olivier wins face-off versus John Quenneville in neutral zone.
5:55 of 3rd period - Snap shot by Mathieu Olivier.
5:55 of 3rd period - Deflect By Tyler Benson.
5:55 of 3rd period - Stopped by Cal Petersen without a rebound.
5:56 of 3rd period - Mathieu Olivier wins face-off versus Anton Blidh in Punishers zone.
5:59 of 3rd period - Slapshot by Martin Necas.
5:59 of 3rd period - Stopped by Cal Petersen without a rebound.
6:00 of 3rd period - Mathieu Olivier wins face-off versus Kevin Roy in Punishers zone.
6:05 of 3rd period - Slapshot by Martin Necas.
6:05 of 3rd period - Shot Blocked by Austen Brassard.
7:12 of 3rd period - Wrist shot by Carson Meyer.
7:12 of 3rd period - Stopped by Logan Thompson with a rebound.
7:48 of 3rd period - Austen Brassard is hit by Matthew Highmore and loses puck.
8:25 of 3rd period - Slapshot by Corey Tropp.
8:25 of 3rd period - Stopped by Logan Thompson with a rebound.
10:19 of 3rd period - Snap shot by Anton Blidh.
10:19 of 3rd period - Shot Misses the Net.
11:28 of 3rd period - Artem Zub is hit by Matthew Highmore and loses puck.
11:37 of 3rd period - Slapshot by Noah Juulsen.
11:37 of 3rd period - Stopped by Logan Thompson without a rebound.
11:38 of 3rd period - John Quenneville wins face-off versus Logan Brown in Marlies zone.
11:41 of 3rd period - Slapshot by Corey Tropp.
11:41 of 3rd period - Shot Misses the Net.
11:43 of 3rd period - Snap shot by Corey Tropp.
11:43 of 3rd period - Goal by Corey Tropp - Marlies : 6 - Punishers : 9.
11:44 of 3rd period - John Quenneville wins face-off versus Mathieu Olivier in neutral zone.
12:11 of 3rd period - Jeff Corbett is hit by Kole Lind and loses puck.
12:40 of 3rd period - Mathieu Olivier is hit by Connor Clifton and loses puck.
13:23 of 3rd period - Slapshot by Ben Betker.
13:23 of 3rd period - Deflect By Kole Lind.
13:23 of 3rd period - Stopped by Logan Thompson with a rebound.
13:37 of 3rd period - Wrist shot by Kole Lind.
13:37 of 3rd period - Stopped by Logan Thompson with a rebound.
13:39 of 3rd period - Wrist shot by Phillip Danault.
13:39 of 3rd period - Stopped by Logan Thompson with a rebound.
13:41 of 3rd period - Slapshot by Ben Betker.
13:41 of 3rd period - Stopped by Logan Thompson without a rebound.
13:42 of 3rd period - Tyler Benson wins face-off versus John Quenneville in Marlies zone.
13:47 of 3rd period - John Quenneville is hit by Martin Necas and loses puck.
14:31 of 3rd period - Slapshot by Henri Ikonen.
14:31 of 3rd period - Stopped by Cal Petersen without a rebound.
14:32 of 3rd period - Matthew Highmore wins face-off versus John Quenneville in Punishers zone.
14:41 of 3rd period - Slapshot by Keaton Thompson.
14:41 of 3rd period - Stopped by Cal Petersen with a rebound.
14:43 of 3rd period - Wrist shot by Matthew Highmore.
14:43 of 3rd period - Shot Misses the Net.
15:03 of 3rd period - Snap shot by Carson Meyer.
15:03 of 3rd period - Shot Blocked by Lucas Carlsson.
15:21 of 3rd period - Lucas Carlsson is hit by Ben Betker and loses puck.
16:27 of 3rd period - Snap shot by Tyler Benson.
16:27 of 3rd period - Stopped by Cal Petersen without a rebound.
16:28 of 3rd period - Martin Necas wins face-off versus John Quenneville in Punishers zone.
16:53 of 3rd period - Austen Brassard is hit by Matthew Highmore and loses puck.
17:27 of 3rd period - Snap shot by Matthew Highmore.
17:27 of 3rd period - Shot Misses the Net.
17:29 of 3rd period - Slapshot by Brendan Guhle.
17:29 of 3rd period - Shot Misses the Net.
17:31 of 3rd period - Wrist shot by Henri Ikonen.
17:31 of 3rd period - Stopped by Cal Petersen with a rebound.
17:56 of 3rd period - Icing by Artem Zub.
17:57 of 3rd period - Tyler Benson wins face-off versus Kevin Roy in Punishers zone.
18:10 of 3rd period - Jeff Corbett is hit by Anton Blidh and loses puck.
18:25 of 3rd period - Slapshot by Logan Brown.
18:25 of 3rd period - Shot Misses the Net.
18:27 of 3rd period - Snap shot by Rasmus Dahlin.
18:27 of 3rd period - Shot Misses the Net.
18:29 of 3rd period - Wrist shot by Alex Formenton.
18:29 of 3rd period - Stopped by Cal Petersen with a rebound.
18:31 of 3rd period - Snap shot by Kole Sherwood.
18:31 of 3rd period - Stopped by Cal Petersen with a rebound.
18:33 of 3rd period - Wrist shot by Alex Formenton.
18:33 of 3rd period - Deflect By Kole Sherwood.
18:33 of 3rd period - Stopped by Cal Petersen with a rebound.
18:35 of 3rd period - Wrist shot by Logan Brown.
18:35 of 3rd period - Stopped by Cal Petersen with a rebound.
18:45 of 3rd period - Noah Juulsen is hit by Mathieu Olivier and loses puck.
Goals for this period are 1 for Marlies vs 2 for Punishers.
Shots for this period are 14 for Marlies vs 11 for Punishers.